 Dungeon Crawl Stone Soup version 0.25-a0-523-g9afb2ee040 (webtiles) character file.

Game seed: 12212110157505821620, levelgen mode: classic

2021 EnegeticOcto the Chopper (level 9, -6/82 HPs)
             Began as a Deep Dwarf Fighter on Feb 18, 2020.
             Was a Believer of Makhleb.
             Mangled by a fire crab (7 damage)
             ... created by the adversity of Qazlal
             ... on level 6 of the Dungeon.
             The game lasted 00:02:33 (3173 turns).

EnegeticOcto the Chopper (Deep Dwarf Fighter)       Turns: 3173, Time: 00:02:34

Health: -6/82      AC: 11    Str: 24    XL:     9   Next: 3%
Magic:  6/6        EV:  8    Int:  8    God:    Makhleb [**....]
Gold:   204        SH:  0    Dex: 12    Spells: 8/8 levels left

rFire    . . .     SeeInvis .   a - +0 war axe
rCold    . . .     Gourm    .   c - +1 kite shield
rNeg     . . .     Faith    .   o - +0 chain mail
rPois    .         Spirit   .   q - +0 helmet
rElec    .         Reflect  .   (no cloak)
rCorr    .         Harm     .   (no gloves)
MR       ++...                  (no boots)
Stlth    ..........             (no amulet)
HPRegen  0.00/turn              j - ring of protection from magic
MPRegen  0.10/turn              (no ring)

@: confused, non-regenerating
A: damage resistance, heal wounds, sense surroundings 2, no regeneration
a: Heal Wounds, Minor Destruction, Renounce Religion


You were on level 6 of the Dungeon.
You worshipped Makhleb.
Makhleb was pleased with you.
You were not hungry.

You visited 2 branches of the dungeon, and saw 7 of its levels.

You collected 204 gold pieces.

Inventory:

Hand Weapons
 a - a +0 war axe (weapon)
Armour
 c - a +1 kite shield (worn)
 o - a +0 chain mail (worn)
 q - a +0 helmet (worn)
Jewellery
 j - a ring of protection from magic (left hand)
Wands
 b - a wand of paralysis (8)
 s - a wand of iceblast (5)
Scrolls
 f - 4 scrolls of identify {@r1}
 h - 3 scrolls of enchant armour
 l - a scroll of teleportation {@r2}
 t - 2 scrolls of amnesia {unknown}
 u - a scroll of magic mapping {@r5}
 v - a scroll of brand weapon {unknown}
Potions
 d - 2 potions of degeneration
 g - a potion of lignification {unknown}
 i - a potion of ambrosia
 k - a potion of might {@q3}
 m - a potion of resistance {@q6}
 n - 3 potions of curing {unknown}
 r - a potion of mutation {unknown}
 w - a potion of stabbing {unknown}
Comestibles
 e - 16 rations


   Skills:
 * Level 6.1 Fighting
 * Level 6.9 Axes
 + Level 5.5 Armour
 + Level 4.2 Dodging
 + Level 5.5 Shields
 + Level 4.9 Invocations


You had 8 spell levels left.
You didn't know any spells.
Your spell library contained the following spells:

 Spells                   Type           Power        Failure   Level  Hunger
 Animate Skeleton         Necr           N/A          100%        1    ##.....
 Apportation              Tloc           #.....       100%        1    ##.....
 Corona                   Hex            #......      100%        1    ##.....
 Shock                    Conj/Air       #...         100%        1    ##.....
 Summon Small Mammal      Summ           #...         100%        1    ##.....
 Swiftness                Chrm/Air       #.......     100%        2    ###....
 Static Discharge         Conj/Air       #.......     100%        3    ####...
 Airstrike                Air            #.........   100%        4    #####..
 Lightning Bolt           Conj/Air       #.........   100%        5    ######.


Dungeon Overview and Level Annotations

Branches:
Dungeon (6/15)             Temple (1/1) D:4

Altars:
Fedhas
Gozag
Hepliaklqana
Makhleb
Nemelex Xobeh
Okawaru
Qazlal
Sif Muna
Trog
Uskayaw
Wu Jian
Zin
The Shining One


Innate Abilities, Weirdness & Mutations

You are resistant to damage.
You can heal yourself by infusing magical energy.
You passively map the area around you.
You do not regenerate.


Message History

The bullfrog skeleton hits you but does no damage.
You slash the bullfrog skeleton!
You destroy the bullfrog skeleton!
Makhleb accepts your kill.
You feel the corruption within you wane completely.
You feel less vulnerable to heat.
You no longer feel vulnerable to heat.
There is an open door, spattered with blood here.
You see here a +0 giant club.
You now have 204 gold pieces (gained 5).
There is an open door, spattered with blood here.
You see here a +0 giant club.
w - a fuming white potion You see here 18 stones.
You pick up a book of Air and begin reading...
You add the spells Shock, Swiftness, Static Discharge, Airstrike and Lightning Bolt to your library.
No target in view!
No target in view!
No target in view!
No target in view!
No target in view!
No target in view!
No target in view!
Some of the chunks of flesh in your inventory have rotted away.
An adder comes into view.
The adder hisses angrily.
An adder is nearby!
An adder is nearby!
An adder is nearby!
An adder is nearby!
Found a plate armour.
You barely miss the adder. The adder barely misses you.
You block the adder's attack.
You barely miss the adder. You block the adder's attack.
You slash the adder!
You kill the adder!
Makhleb accepts your kill.
You feel better.
No target in view!
No target in view!
No target in view!
No target in view!
No target in view!
Some of the chunks of flesh in your inventory have rotted away.
Done exploring.
Done exploring.
Done exploring.
No target in view!
No target in view!
No target in view!
No target in view!
No target in view!
Search for what [Enter for "helm", or ? for help]? pla All of the chunks of flesh in your inventory have rotted away.
Qazlal incites the elements against you!
The divine experience confuses you!
You are confused.
A rime drake, a fire crab and an earth elemental come into view.
There are no items here.
You are too confused!
You are too confused!
You're too confused!
You are too confused!
You are too confused!
You are too confused!
You are too confused!
You are too confused!
You are too confused!
You are too confused!
You are too confused!
You are too confused!
You are too confused!
You are too confused!
You are too confused!
You are too confused!
You are too confused!
You are too confused!
Okay, then.
You bump into the rock wall.
You bump into the rock wall.
The fire crab bites you!
You are engulfed in flames!
The fire crab barely misses you.
You hit the fire crab but do no damage.
You hit the earth elemental but do no damage.
You hit the rime drake.
The rime drake bites you but does no damage.
The earth elemental hits you but does no damage.
The fire crab bites you but does no damage.
The fire crab claws you but does no damage.
You hit the fire crab.
The fire crab is lightly wounded.
You miss the rime drake.
You hit the earth elemental but do no damage.
The rime drake bites you but does no damage.
The fire crab bites you.
You are engulfed in flames!
The fire crab claws you.
You are engulfed in flames!
The rime drake barely misses you. The earth elemental hits you!!
* * * LOW HITPOINT WARNING * * *
You slash the rime drake!
The rime drake is heavily wounded.
You hit the earth elemental but do no damage.
You barely miss the fire crab. The fire crab bites you!
You die...

#)# #......# #.#.# #.#
#......# #[#.#
#(####################
#.#.#
.>(..........[......#
####.#..
###################.##
#....... ###..##
#....... #.....#
#..[.#..
#################k##..#
#....#..
...............E@t###.#
#<..(#.#
#####################.#
#....#.# ..#
#.......##.....##
#.##.#.# #.#
#.#####.##.###..#
#.##.#.# #.### #.#
#.##.# ##.###....#..
#...# #.# #....#
#..#####.### ###.####.#
###### #........#
###......# #...####.#
.#########
##########....###.###


You could see a fire crab, an earth elemental and a rime drake.

Vanquished Creatures
  A rime drake (D:5)
  Eustachio (D:5)
  A basilisk (D:5)
  A water moccasin (D:6)
  A phantom (D:5)
  2 ice beasts
  An ogre (D:6)
  5 centaurs
  A necrophage (D:6)
  A scorpion (D:4)
  5 crimson imps
  A centaur zombie (D:6)
  A bullfrog skeleton (D:6)
  2 hounds
  A jelly (D:5)
  2 orc priests
  2 centaur skeletons (D:5)
  Jessica (D:3)
  Ijyb (D:3)
  2 iguanas
  3 orc wizards (D:5)
  3 worker ants
  A hound skeleton (D:6)
  9 adders
  An ooze (D:6)
  3 worms
  24 orcs
  2 bats
  4 giant cockroaches
  5 goblins
  2 hobgoblins (D:2)
  9 jackals
  A kobold (D:2)
  2 quokkas
  A leopard gecko skeleton (D:4)
  A quokka zombie (D:6)
  4 rats
108 creatures vanquished.

Notes
Turn   | Place    | Note
-------+----------+-------------------------------------------
     0 | D:1      | EnegeticOcto the Deep Dwarf Fighter began the quest for the
                  | Orb.
     0 | D:1      | Reached XP level 1. HP: 20/20 MP: 1/1
   127 | D:2      | Found a faded altar of an unknown god.
   138 | D:2      | Became a worshipper of Qazlal Stormbringer
   138 | D:2      | Reached * piety under Qazlal
   141 | D:2      | Reached XP level 2. HP: 27/27 MP: 2/2
   216 | D:2      | Found a glowing silver altar of Zin.
   364 | D:2      | Reached XP level 3. HP: 34/34 MP: 3/3
   431 | D:3      | Noticed Jessica
   436 | D:3      | Killed Jessica
   436 | D:3      | Reached skill level 1 in Dodging
   474 | D:3      | Found a shimmering blue altar of Sif Muna.
   480 | D:3      | Reached XP level 4. HP: 38/42 MP: 4/4
   481 | D:3      | Reached ** piety under Qazlal
   538 | D:3      | Found a bloodstained altar of Trog.
   582 | D:3      | Noticed an ice beast
   583 | D:3      | Noticed Ijyb
   590 | D:3      | Killed Ijyb
   590 | D:3      | Reached skill level 1 in Invocations
   592 | D:3      | Killed an ice beast
   592 | D:3      | Reached XP level 5. HP: 14/50 MP: 4/6
   687 | D:4      | Found a staircase to the Ecumenical Temple.
   706 | D:4      | Reached XP level 6. HP: 40/57 MP: 6/6
   715 | Temple   | Entered the Ecumenical Temple
   743 | Temple   | Fell from the grace of Qazlal
   743 | Temple   | Became a worshipper of Makhleb the Destroyer
  1001 | D:4      | Found an iron altar of Okawaru.
  1180 | D:5      | Entered Level 5 of the Dungeon
  1187 | D:5      | Noticed Eustachio
  1209 | D:5      | Killed Eustachio
  1209 | D:5      | Reached XP level 7. HP: 44/66 MP: 6/6
  1232 | D:5      | Found a glowing golden altar of the Shining One.
  1269 | D:5      | Reached skill level 5 in Axes
  1505 | D:5      | Reached * piety under Makhleb
  1535 | D:5      | Reached skill level 5 in Fighting
  1703 | D:5      | Reached XP level 8. HP: 65/74 MP: 6/6
  1786 | D:5      | Found a hide-covered altar of Uskayaw.
  1813 | D:5      | Reached skill level 5 in Armour
  2019 | D:5      | Reached skill level 5 in Shields
  2163 | D:5      | Noticed a rime drake
  2181 | D:5      | Killed a rime drake
  2941 | D:6      | Reached ** piety under Makhleb
  2962 | D:6      | Gained mutation: You passively map the area around you.
                  | [Deep Dwarf growth]
  2962 | D:6      | Reached XP level 9. HP: 58/82 MP: 6/6
  3169 | D:6      | Noticed a fire crab
  3169 | D:6      | Noticed a rime drake
  3172 | D:6      | HP: 1/82 [earth elemental[the adversity of Qazlal] (24)]
  3173 | D:6      | Mangled by a fire crab

Levels and vault maps discovered:
D:1:      minmay_arrival_stair_chambers, layout_basic
D:2:      layout_loops_ring, lemuel_zombie_altar_kikubaaqudgha,
          overflow_temple_1_default, chequers_ecumenical_altar_simple_redux,
          corexii_item_surrounded_by_moat, minmay_pentomino_t2
D:3:      layout_basic, nicolae_overflow_crystal_walls, lemuel_statue_altar,
          uniq_jessica, uniq_ijyb
D:4:      cheibrodos_helix_gallery, layout_cave_pools, kennysheep_mini,
          temple_statues
D:5:      layout_cave_pods, eat_drink_and_be_merry_uskayaw,
          nicolae_tso_carved_into_rock, first_ration, uniq_eustachio
D:6:      cheibrodos_barr_body, layout_basic
Temple:   nicolae_temple_great_sept

Skill      XL: |  1  2  3  4  5  6  7  8 |
---------------+-------------------------+-----
Fighting       | 3 4 5 6 |  6.1
Axes           | 3 4 5 6 |  6.9
Dodging        | 1 2 3 4 |  4.2
Invocations    | 1 2 3 4 |  4.9
Armour         | 4 5 |  5.5
Shields        | 4 5 |  5.5

Action                   |  1- 3 |  4- 6 |  7- 9 || total
-------------------------+-------+-------+-------++-------
Melee: War axe           |    58 |   112 |   282 ||   452
 Abil: Heal Wounds       |       |     5 |     6 ||    11
  Use: Scroll            |       |     8 |       ||     8
 Stab: Distracted        |       |       |     1 ||     1
  Eat: Chunk             |       |     1 |     7 ||     8
Armor: Scale mail        |    31 |    63 |    33 ||   127
       Chain mail        |       |       |   101 ||   101
Dodge: Dodged            |    24 |    43 |    77 ||   144
Block: Kite shield       |    41 |    71 |   168 ||   280

Table legend:
 A = Non-vault XP
 B = Vault XP
 C = Vault XP percentage of total XP
 D = Non-vault monster count
 E = Vault monster count
 F = Vault count percentage of total count
                 A         B        C        D         E       F
            +---------+---------+-------+---------+---------+-------
      Total |    1957 |     931 |  32.2 |      92 |      14 |  13.2
            +---------+---------+-------+---------+---------+-------
        D:1 |       8 |       0 |   0.0 |       5 |       0 |   0.0
        D:2 |      35 |       3 |   7.9 |      11 |       2 |  15.4
        D:3 |     186 |      73 |  28.2 |      17 |       2 |  10.5
        D:4 |     148 |      72 |  32.7 |       8 |       1 |  11.1
        D:5 |    1100 |     208 |  15.9 |      33 |       1 |   2.9
        D:6 |     480 |     575 |  54.5 |      18 |       8 |  30.8
            +---------+---------+-------+---------+---------+-------
